 Dungeon Sprint DCSS version 0.31-a0-339-gda1cbd555d (webtiles) character file.

Game seed: 11486082892992345400

263 dialectric the Unseen (level 5, 0/28 HPs)
             Began as a Spriggan Brigand on July 21, 2023.
             Slain by a jelly (1 damage)
             ... in the Dungeon (Sprint I: "Red Sonja").
             The game lasted 00:01:02 (97 turns).

dialectric the Unseen (Spriggan Brigand)              Turns: 97, Time: 00:01:02

Health: 0/28       AC:  3    Str:  7    XL:     5   Next: 98%
Magic:  6/6        EV: 17    Int: 13    God:
Gold:   162        SH:  0    Dex: 18    Spells: 4/4 levels left

rFire   . . .        a - +2 dagger
rCold   . . .        (no shield)
rNeg    . . .        b - +0 robe
rPois   .            (helmet restricted)
rElec   .            c - +0 cloak
rCorr   .            (gloves unavailable)
SInv    +            (boots unavailable)
Will    .....        (no amulet)
Stlth   ++++++       (no ring)
HPRegen 0.24/turn    (no ring)
MPRegen 0.10/turn

%: no teleportation
@: very quick
A: very small, no large weapons, unfitting armour, see invisible, speed 3
a: no special abilities


You were in the Dungeon.
You visited 1 branch You collected 162 gold pieces.

Inventory:

Hand Weapons
 a - a +2 dagger (weapon)
Missiles
 d - 9 poisoned darts (quivered)
 e - a curare-tipped dart
Armour
 b - a +0 robe (worn)
 c - a +0 cloak (worn)
Wands
 l - a wand of flame (19)
Scrolls
 k - a scroll of blinking
Potions
 f - a potion of curing
 g - a potion of heal wounds
 h - a potion of haste
 i - 2 potions of magic
 j - a potion of berserk rage


   Skills:
 + Level 3.3 Fighting
 + Level 4.0 Short Blades
 - Level 5.5 Throwing
 + Level 2.2 Dodging
 + Level 16.1 Stealth


You had 4 spell levels left.
You didn't know any spells.
Your spell library was empty.

Dungeon Overview and Level Annotations

Branches:
Dungeon (1/1)

Altars:
Sif Muna
Vehumet
Wu Jian


Innate Abilities, Weirdness & Mutations

You are very small and have problems with some larger weapons.
You are too small for most types of armour.
You have supernaturally acute eyesight. (SInv)
You cover ground extremely quickly. (Speed+++)


Message History

You feel clever.
e - a curare-tipped dart;
d - 9 poisoned darts (gained 6)
Things that are here:
a +0 scythe; a +2 robe of positive energy You open the door.
Found 108 gold pieces.
There is an open door here.
You now have 81 gold pieces (gained 27).
You now have 108 gold pieces (gained 27).
You now have 135 gold pieces (gained 27).
You now have 162 gold pieces (gained 27).
As you open the door, it creaks loudly!
Found a fuming blue potion and 9 stones.
Found a shimmering blue altar of Sif Muna.
A jelly comes into view.
Found an ornate altar of the Wu Jian Council.
There is an open door here.
Found a radiant altar of Vehumet.
You see here a fuming blue potion.
You see here 9 stones.
There is an ornate altar of the Wu Jian Council here.
The jelly hits you.
You are splashed with acid!
You hit the jelly.
Your hands burn!
The jelly is lightly wounded.
You hit the jelly but do no damage.
Your hands burn!
The jelly is lightly wounded.
The jelly completely misses you.
You hit the jelly.
Your hands burn!
* * * LOW HITPOINT WARNING * * *
The jelly is heavily wounded.
The jelly closely misses you.
You hit the jelly.
Your hands burn!
* * * LOW HITPOINT WARNING * * *
The jelly is severely wounded.
The jelly closely misses you.
You hit the jelly.
Your hands burn!
* * * LOW HITPOINT WARNING * * *
The jelly is severely wounded.
The jelly hits you.
You die...

################
#<.#.)'..#.)'..#
#..'..#..'..#..+
#..#####'#####'#
#..# #..# #!#
#.)# #### ##(#
#..# #+#_.+ #⌠⌠#
+.@._# ####
#_J#+# ##+#


You could see a jelly.

Vanquished Creatures
  Sigmund (D)
  An ogre (D)
  Ijyb (D)
3 creatures vanquished.

Notes
Turn   | Place    | Note
-------+----------+-------------------------------------------
     0 | D        | dialectric the Spriggan Brigand began the quest for the
                  | Orb.
     0 | D        | Reached XP level 1. HP: 10/10 MP: 2/2
     2 | D        | Noticed Ijyb
     4 | D        | Killed Ijyb
     5 | D        | Reached skill level 9 in Stealth
     5 | D        | Reached XP level 2. HP: 15/15 MP: 3/3
     9 | D        | Noticed an ogre
    31 | D        | Killed an ogre
    32 | D        | Reached skill level 13 in Stealth
    32 | D        | Reached XP level 3. HP: 19/19 MP: 4/4
    32 | D        | Reached XP level 4. HP: 23/23 MP: 5/5
    61 | D        | Noticed Sigmund
    74 | D        | Killed Sigmund
    75 | D        | Reached skill level 5 in Throwing
    75 | D        | Reached skill level 16 in Stealth
    75 | D        | Reached XP level 5. HP: 28/28 MP: 6/6
    87 | D        | Found a shimmering blue altar of Sif Muna.
    88 | D        | Found an ornate altar of the Wu Jian Council.
    89 | D        | Found a radiant altar of Vehumet.
    97 | D        | HP: 1/28 [acid (2)]
    97 | D        | Slain by a jelly

Illustrated notes

Levels and vault maps discovered:
D:        dungeon_sprint_1 [red_sonja_temple_1, red_sonja_temple_small_1]

Skill      XL: |  1  2  3  4 |
---------------+-------------+-----
Fighting       | 2 3 |  3.3
Stealth        | 9 13 16 | 16.1
Short Blades   | 3 4 |  4.0
Throwing       | 3 5 |  5.5
Dodging        | 2 |  2.2

Action                     |  1- 3 |  4- 6 || total
---------------------------+-------+-------++-------
  Melee: Dagger            |     2 |     9 ||    11
  Throw: Dart              |     7 |     8 ||    15
   Stab: Sleeping          |     1 |       ||     1
  Dodge: Dodged            |     2 |     8 ||    10

Table legend: (Time is in decaauts)
 A = Elapsed time spent in this place.
 B = Non-inter-level travel time spent in this place.
 C = Inter-level travel time spent in this place.
 D = Time resting spent in this place.
 E = Time spent auto-exploring this place.
 F = Levels seen in this place.
 G = Mean time per level.
                   A        B        C        D        E       F      G
               +--------+--------+--------+--------+--------+-----+--------+
         Total |     71 |     71 |      0 |      0 |      0 |   1 |   71.0 |
       Dungeon |     71 |     71 |      0 |      0 |      0 |   1 |   71.0 |
               +--------+--------+--------+--------+--------+-----+--------+

Top non-repeatable levels by time:
       D: 71 daAuts
